 Dungeon Crawl Stone Soup version 0.31-a0-200-gbc41564c69 (webtiles) character file.

Game seed: 2451359337472360972

206 qw the Skirmisher (level 5, -1/29 HPs)
             Began as a Deep Elf Hunter on June 25, 2023.
             Slain by Dowan
             ... wielding a +0 dagger
              (2 damage)
             ... on level 4 of the Dungeon.
             The game lasted 00:00:52 (2908 turns).

qw the Skirmisher (Deep Elf Hunter)                 Turns: 2908, Time: 00:00:52

Health: -1/29      AC:  9    Str: 10    XL:     5   Next: 53%
Magic:  7/7        EV: 11    Int: 14    God:
Gold:   94         SH:  0    Dex: 18    Spells: 4/4 levels left

rFire   . . .        Y - +1 shortbow
rCold   . . .        (shield currently unavailable)
rNeg    . . .        d - +0 ring mail
rPois   .            e - +0 helmet
rElec   .            f - +0 cloak
rCorr   .            k - +0 pair of gloves
SInv    .            b - +0 pair of boots
Will    .....        (no amulet)
Stlth   +            (no ring)
HPRegen 0.24/turn    (no ring)
MPRegen 0.10/turn

%: no passive effects
@: no status effects
A: no striking features
a: no special abilities


You were on level 4 of the Dungeon.
You visited 1 branch of the dungeon, and saw 4 of its levels.

You collected 152 gold pieces.
You spent 58 gold pieces at shops.


   Skills:
 - Level 1.5 Fighting
 + Level 8.3 Ranged Weapons
 - Level 2.0 Armour
 - Level 2.4 Dodging
 - Level 1.2 Stealth


You had 4 spell levels left.
You didn't know any spells.
Your spell library was empty.

Inventory:

Hand Weapons
 Y - a +1 shortbow (weapon)
Armour
 b - a +0 pair of boots (worn)
 d - a +0 ring mail (worn)
 e - a +0 helmet (worn)
 f - a +0 cloak (worn)
 k - a +0 pair of gloves (worn)
Scrolls
 a - 2 scrolls of identify
Potions
 g - a potion of enlightenment

Dungeon Overview and Level Annotations

Branches:
Dungeon (4/15)
 Temple: D:4-7

Altars:

Shops:
D:3 [

Annotations:
D:4 Dowan, Duvessa


Message History

You shoot an arrow.
The arrow hits Duvessa but does no damage.
Duvessa is lightly wounded.
Duvessa hits you with a +0 short sword!
You shoot an arrow. The arrow hits Duvessa.
Duvessa is moderately wounded.
Dowan mumbles some strange words.
Dowan blinks!
Duvessa hits you but does no damage. Duvessa hits you with a +0 short sword!
Dowan mumbles some strange words.
Dowan blinks!
2899 ||| DRINKING potion of heal wounds.
You feel much better. Duvessa hits you but does no damage.
You shoot an arrow.
The arrow hits Duvessa but does no damage.
Duvessa is moderately wounded.
Duvessa misses you.
You shoot an arrow. The arrow hits Duvessa.
Duvessa is moderately wounded.
Duvessa hits you with a +0 short sword.
You shoot an arrow. The arrow hits Duvessa.
Duvessa is heavily wounded.
Duvessa closely misses you.
You shoot an arrow. The arrow barely misses Duvessa.
Duvessa hits you with a +0 short sword!
You shoot an arrow. The arrow barely misses Duvessa.
Duvessa misses you. Dowan hits you with a +0 dagger.
You shoot an arrow.
The arrow hits Duvessa but does no damage.
Duvessa is heavily wounded.
Dowan hits you but does no damage. Duvessa hits you with a +0 short sword.
You shoot an arrow. The arrow completely misses Duvessa.
Dowan hits you but does no damage. Duvessa hits you with a +0 short sword.
You shoot an arrow. The arrow barely misses Duvessa.
Duvessa hits you with a +0 short sword. Dowan barely misses you.
You shoot an arrow. The arrow closely misses Duvessa.
Duvessa hits you with a +0 short sword. Dowan barely misses you.
Duvessa hits you with a +0 short sword. Dowan hits you with a +0 dagger.
You die...

#.#...#
#######.###%#####
................#
#########.####.##.#
..# #.# #.##.# ..#
#.# #..#.# ..# #.#
##.#.# ..#######.#
#e#.# ..#.....).#
#.@.# ..#.########
##e.# ..#.# ...
...# ###'###.....
###.# .%..........
.. ............ ###
............
.......#####
.......#


You could see Duvessa and Dowan.

Vanquished Creatures
  A phantom (D:4)
  Robin (D:3)
  6 adders
  3 worms
  2 orcs
  6 ball pythons
  6 bats
  3 endoplasms
  2 giant cockroaches
  11 goblins
  2 hobgoblins
  6 jackals
  2 frilled lizards
  4 kobolds
  5 rats
60 creatures vanquished.

Notes
Turn   | Place    | Note
-------+----------+-------------------------------------------
     0 | D:1      | qw the Deep Elf Hunter began the quest for the Orb.
     0 | D:1      | Reached XP level 1. HP: 12/12 MP: 3/3
     0 | D:1      | 0 ||| qw: Version: 0.3-a-22-g0ed2b0b
     0 | D:1      | 0 ||| qw: Game counter: 5543
     0 | D:1      | 0 ||| qw: Melee chars always use a shield: true
     0 | D:1      | 0 ||| qw: God list: Okawaru
     0 | D:1      | 0 ||| qw: Allow faded altars: false
     0 | D:1      | 0 ||| qw: Do Orc after clearing Dungeon:15 true
     0 | D:1      | 0 ||| qw: Do second Lair branch before Depths: true
     0 | D:1      | 0 ||| qw: Lair rune preference: random
     0 | D:1      | 0 ||| qw: Goals: Normal
     0 | D:1      | 0 ||| PLANNING D:1-11
   289 | D:1      | Reached XP level 2. HP: 15/16 MP: 4/4
   294 | D:1      | Reached skill level 6 in Ranged Weapons
   398 | D:1      | You fall into a shaft and drop 1 floor!
   487 | D:2      | 487 ||| UPGRADING to +0 ring mail.
   497 | D:2      | 497 ||| DROPPING +0 leather armour.
   498 | D:2      | 498 ||| READING scroll labelled XETHRU ZIBEUMM.
   499 | D:2      | 499 ||| READING scroll labelled WOPTUBLUOPN.
   502 | D:2      | 502 ||| DROPPING scroll of butterflies.
   503 | D:2      | 503 ||| Stepping randomly (stuck).
   504 | D:2      | 504 ||| Stepping randomly (stuck).
   505 | D:2      | 505 ||| Stepping randomly (stuck).
   506 | D:2      | 506 ||| Stepping randomly (stuck).
   804 | D:2      | Reached XP level 3. HP: 20/20 MP: 5/5
   811 | D:2      | 811 ||| READING 2 scrolls labelled YZYN GUITZIED.
  1070 | D:2      | 1070 ||| STAIRDANCE
  1579 | D:2      | 1579 ||| READING 2 scrolls of identify.
  1579 | D:2      | 1579 ||| IDENTIFYING fizzy purple potion
  1580 | D:2      | 1580 ||| DROPPING potion of ambrosia.
  1628 | D:3      | Reached skill level 7 in Ranged Weapons
  1687 | D:3      | Noticed Robin
  1704 | D:3      | HP: 5/20 [goblin/+0 club[Robin] (3)]
  1705 | D:3      | HP: 2/20 [Robin/+0 club (3)]
  1706 | D:3      | Killed Robin
  1707 | D:3      | Reached XP level 4. HP: 3/25 MP: 6/6
  1830 | D:3      | Found Yveotru's Armour Shop.
  1833 | D:3      | 1833 ||| BUYING +0 cloak (58 gold).
  1833 | D:3      | Bought a +0 cloak for 58 gold pieces
  1833 | D:3      | 1833 ||| SHOPLISTING +1 ring mail of fire resistance (208
                  | gold, have 51).
  1833 | D:3      | 1833 ||| SHOPLISTING +2 leather armour of cold resistance
                  | (247 gold, have 51).
  1833 | D:3      | 1833 ||| SHOPLISTING +3 scale mail of cold resistance (338
                  | gold, have 51).
  2006 | D:3      | Found a faded altar of an unknown god.
  2290 | D:3      | Reached skill level 8 in Ranged Weapons
  2616 | D:3      | 2616 ||| UPGRADING to +0 pair of boots.
  2621 | D:3      | 2621 ||| UPGRADING to +0 helmet.
  2626 | D:3      | 2626 ||| UPGRADING to +0 cloak.
  2631 | D:3      | 2631 ||| UPGRADING to +0 pair of gloves.
  2636 | D:3      | 2636 ||| READING scroll labelled JULAEW JUQAXZOBY.
  2637 | D:3      | 2637 ||| READING scroll labelled HUIDOO UGRAZYJ.
  2638 | D:3      | 2638 ||| DRINKING 2 golden potions.
  2639 | D:3      | 2639 ||| READING 4 scrolls of identify.
  2639 | D:3      | 2639 ||| IDENTIFYING brown potion
  2640 | D:3      | 2640 ||| READING 3 scrolls of identify.
  2640 | D:3      | 2640 ||| IDENTIFYING fuming red potion
  2641 | D:3      | 2641 ||| DROPPING potion of degeneration.
  2643 | D:3      | 2643 ||| Stepping ~*~*~tactically~*~*~ (cloud).
  2652 | D:3      | HP: 6/25 [poisoned by you (poison gas)]
  2752 | D:4      | Noticed a phantom
  2759 | D:4      | Killed a phantom
  2760 | D:4      | Reached XP level 5. HP: 20/29 MP: 7/7
  2894 | D:4      | Noticed Duvessa
  2896 | D:4      | Noticed Dowan
  2898 | D:4      | HP: 7/29 [Duvessa/+0 short sword (9)]
  2899 | D:4      | 2899 ||| DRINKING potion of heal wounds.
  2907 | D:4      | HP: 6/29 [Duvessa/+0 short sword (5)]
  2908 | D:4      | HP: 2/29 [Duvessa/+0 short sword (5)]
  2908 | D:4      | Slain by Dowan

Levels and vault maps discovered:
D:1:      dpeg_arrival_rooms_c, layout_loops_ring
D:2:      layout_loops_corners
D:3:      layout_basic, ebering_ecumenical_altar_webs, serial_shops,
          nicolae_shop_real_fake_doors, nicolae_eternal_life, uniq_robin
D:4:      layout_basic, uniq_menkaure, uniq_duvessa, uniq_ijyb,
          uniq_crazy_yiuf_cottage

Skill      XL: |  1  2  3  4 |
---------------+-------------+-----
Ranged Weapons | 6 7 8 |  8.3
Armour         | 2 |  2.0
Fighting       | |  1.5
Dodging        | |  2.4
Stealth        | |  1.2

Action                     |  1- 3 |  4- 6 || total
---------------------------+-------+-------++-------
   Fire: Shortbow          |   105 |    69 ||   174
    Use: Scroll            |     4 |     4 ||     8
         Potion            |       |     2 ||     2
 Armour: Leather armour    |     7 |       ||     7
         Ring mail         |    10 |    18 ||    28
  Dodge: Dodged            |    44 |    22 ||    66

Table legend:
 A = Non-vault XP
 B = Vault XP
 C = Vault XP percentage of total XP
 D = Non-vault monster count
 E = Vault monster count
 F = Vault count percentage of total count
                 A         B        C        D         E       F
            +---------+---------+-------+---------+---------+-------
      Total |     268 |      27 |   9.2 |      53 |       7 |  11.7
            +---------+---------+-------+---------+---------+-------
        D:1 |      23 |       0 |   0.0 |      12 |       0 |   0.0
        D:2 |      35 |       0 |   0.0 |      13 |       0 |   0.0
        D:3 |      84 |      27 |  24.3 |      21 |       7 |  25.0
        D:4 |     126 |       0 |   0.0 |       7 |       0 |   0.0
            +---------+---------+-------+---------+---------+-------
